 Dungeon Crawl Stone Soup version 0.19-a0-1091-g463c9de (webtiles) character file.

16072 4thArraOfDagon the Brawler (level 12, -4/111 HPs)
             Began as a Troll Arcane Marksman on Aug 7, 2016.
             Was an Elder of Dithmenos.
             Slain by a yak (8 damage)
             ... on level 12 of the Dungeon.
             The game lasted 00:31:05 (6152 turns).

4thArraOfDagon the Brawler (Troll Arcane Marksman)  Turns: 6152, Time: 00:31:05

Health: -4/111     AC:  7    Str: 22    XL:     12   Next: 6%
Magic:  15/15      EV: 11    Int: 13    God:    Dithmenos [****..]
Gold:   759        SH:  3    Dex:  9    Spells: 1 memorised, 12 levels left

rFire  . . .     SeeInvis .       - Unarmed
rCold  . . .     Gourm    +     d - +2 animal skin
rNeg   + . .     Faith    .     (no shield)
rPois  .         Spirit   .     (helmet restricted)
rElec  .         Dismiss  .     (no cloak)
rCorr  .         Reflect  +     (gloves unavailable)
SustAt +         Harm     .     (boots unavailable)
MR     .....                    o - +3 amulet of reflection
Stlth  +.........               p - ring of positive energy
                                r - ring of sustain attributes

@: very slightly contaminated, wreathed by umbra, drained
A: unfitting armour, claws 3, fast metabolism 3, gourmand, regeneration 2,
shaggy fur 1, tough skin 2
a: Shadow Step, Renounce Religion


You were on level 12 of the Dungeon.
You worshipped Dithmenos.
Dithmenos was greatly pleased with you.
You were full.

You visited 2 branches of the dungeon, and saw 16 of its levels.

You collected 759 gold pieces.

Inventory:

Hand Weapons
 C - a +1 giant spiked club
 I - a +0 blowgun
Missiles
 q - 10 large rocks (quivered)
 x - 8 javelins
Armour
 a - a +1 robe
 d - a +2 animal skin (worn)
 y - a +0 robe of cold resistance
Magical Staves
 h - an uncursed staff of poison
Jewellery
 o - a +3 amulet of reflection (around neck)
 p - a ring of positive energy (right claw)
 r - a ring of sustain attributes (left claw)
 F - a +3 ring of intelligence
Wands
 e - a wand of digging (8/24)
 g - a wand of iceblast (6/15)
 t - a wand of polymorph (7/24)
 u - a wand of hasting (2/9)
 D - a wand of teleportation (7/9)
 E - a wand of polymorph (9/24)
 G - a wand of acid (3/15)
 K - a wand of confusion (35/48)
 L - a wand of random effects (14/48)
Scrolls
 l - 3 scrolls of remove curse
 z - 2 scrolls of amnesia {unknown}
 A - 3 scrolls of recharging
 B - 2 scrolls of noise
 M - 2 scrolls of teleportation
 P - a scroll of fog {unknown}
Potions
 i - 3 potions of brilliance
 k - a potion of haste
 m - 3 potions of heal wounds
 v - a potion of flight
 w - 6 potions of curing
 H - a potion of cancellation {unknown}
 J - a potion of might {unknown}
 O - 2 potions of ambrosia {unknown}
 Q - 2 potions of cure mutation {unknown}
Books
 b - a book of Debilitation

   Spells                             Type                      Level
   a - Corona                         Hexes                        1
   b - Slow                           Hexes                        2
   c - Gell's Gravitas                Hexes/Translocation          3
   d - Inner Flame                    Hexes/Fire                   3
   e - Cause Fear                     Hexes                        4
   f - Leda's Liquefaction            Hexes/Earth                  4
Comestibles
 c - 7 meat rations
 f - 4 bread rations
 j - 3 fruits
 n - a royal jelly
 s - a slice of pizza


   Skills:
 + Level 5.3(4.9) Fighting
 - Level 2.0(1.6) Throwing
 + Level 5.7(5.3) Dodging
 * Level 15.3(14.8) Unarmed Combat
 - Level 1.0(0.6) Spellcasting
 - Level 2.2(1.8) Hexes
 + Level 5.7(5.3) Invocations


You had 12 spell levels left.
You knew the following spells:

 Your Spells              Type           Power        Failure   Level  Hunger
a - Corona                Hex            #......      14%         1    ##.....


Dungeon Overview and Level Annotations

Branches:
Dungeon (15/15)            Temple (1/1) D:5            Lair (0/6) D:11
 Depths (0/5) D:15
    Orc: D:9-12      Vaults: D:13-14

Altars:
Ashenzari
Dithmenos
Elyvilon
Fedhas
Gozag
Hepliaklqana
Kikubaaqudgha
Makhleb
Nemelex Xobeh
Okawaru
Pakellas
Qazlal
Ru
Sif Muna
Trog
Uskayaw
Vehumet
Xom
Yredelemnul
Zin
The Shining One

Shops:
D:7 (   D:9 %   D:10 [


Innate Abilities, Weirdness & Mutations

You are too large for most types of armour.
You have claws for hands.
Your metabolism is lightning-fast.
You like to eat raw meat.
You heal very quickly.
You are covered in fur. (AC +1)
You have very tough skin. (AC +2)


Message History

There is a stone staircase leading up here.
Unknown command.
Unknown command.
Unknown command.
Okay, then.
Blink to where?
Press: ? - help, Dir - move target cursor You are very lightly contaminated with residual magic.
As you read the scroll of blinking, it crumbles to dust.
An orc warrior comes into view. It is wielding a halberd.
The orc warrior shouts!
Unknown command.
A mysterious force pulls you upwards. The hatch slams shut behind you.
The yak bellows! x2 3 yaks come into view.
The yak bellows! x3; You hear a bellow!
The yak gores you but does no damage. The yak gores you!
* * * LOW HITPOINT WARNING * * *
The yak gores you!
You die...

........#.#......#.#
########.#.#......#.#
.........#.#......#.#
########.#.#.###..#.# #
. ........#..<.....#.#
.. ..........?.........
#.#######..?.......#..
#.##.
##.Y.Y...##############
..... +..Y.Y@Y...... +
###.. ##.......##### #
. #.####### # #.# # # #
# #


You could see 5 yaks.

Vanquished Creatures
  4 hill giants
  A wizard (D:14)
  2 ugly things (D:14)
  A deep elf mage (D:14)
  4 manticores
  A cyclops (D:13)
  A centaur zombie (D:15)
  A gargoyle (D:10)
  A centaur skeleton (D:14)
  4 trolls
  The ghost of 4thArraOfDagon the Ruffian, an amateur TrAM (D:7)
  A meliai (D:14)
  4 slime creatures
  2 two-headed ogres (D:12)
  2 wraiths
  A wyvern (D:15)
  2 hippogriffs (D:13)
  Grum (D:8)
  Menkaure (D:7)
  A hungry ghost (D:7)
  3 wargs
  A soldier ant (D:13)
  A water moccasin (D:8)
  5 orc warriors
  4 ice beasts
  A black bear (D:6)
  An eye of draining (D:6)
  6 ogres
  The ghost of 4thArraOfDagon the Ruffian, an amateur TrAM (D:6)
  2 wasps
  2 phantoms
  3 wolves (D:8)
  2 centaurs (D:9)
  3 big kobolds
  8 giant frogs
  A wyvern zombie (D:11)
  A wyvern skeleton (D:13)
  4 scorpions
  13 killer bees
  8 wights
  3 howler monkeys (D:12)
  3 crimson imps
  3 jellies
  2 giant frog zombies
  4 orc priests
  A giant frog skeleton (D:5)
  7 hounds
  12 orc wizards
  An iguana (D:6)
  5 worker ants
  3 sheep (D:13)
  A hound zombie (D:5)
  A worker ant zombie (D:8)
  A gnoll (D:6)
  6 adders
  4 shadow imps
  An ooze (D:4)
  3 worms
  3 dart slugs
  4 giant geckos
  49 orcs
  6 goblins
  A hobgoblin (D:2)
  14 jackals
  8 quokkas
  3 ball pythons
  3 bats
  A giant gecko skeleton (D:6)
  3 giant newts
  13 kobolds
  A quokka zombie (D:7)
  2 rats
  A bush (D:3)
279 creatures vanquished.

Vanquished Creatures (others)
  An orc (D:11)
  A plant (D:6)
2 creatures vanquished.

Grand Total: 281 creatures vanquished

Notes
Turn   | Place    | Note
-------+----------+-------------------------------------------
     0 | D:1      | 4thArraOfDagon the Troll Arcane Marksman began the quest for the Orb.
     0 | D:1      | Reached XP level 1. HP: 18/18 MP: 1/1
    56 | D:1      | Reached skill level 1 in Fighting
   132 | D:1      | Reached XP level 2. HP: 27/27 MP: 2/2
   191 | D:2      | Found a hide-covered altar of Uskayaw.
   212 | D:2      | again?
   292 | D:2      | Reached XP level 3. HP: 19/33 MP: 3/3
   340 | D:3      | Reached skill level 1 in Unarmed Combat
   366 | D:4      | Noticed an ogre
   369 | D:4      | Killed an ogre
   369 | D:4      | Reached skill level 3 in Unarmed Combat
   369 | D:4      | Reached XP level 4. HP: 41/41 MP: 4/4
   428 | D:3      | You fall through a shaft for 3 floors!
   436 | D:6      | Reached XP level 5. HP: 48/48 MP: 5/5
   442 | D:6      | Noticed an ogre
   443 | D:6      | Reached skill level 4 in Unarmed Combat
   452 | D:6      | Killed an ogre
   452 | D:6      | Reached skill level 5 in Unarmed Combat
   481 | D:6      | Reached XP level 6. HP: 55/55 MP: 6/6
   508 | D:5      | Entered Level 5 of the Dungeon
   527 | D:5      | Reached skill level 6 in Unarmed Combat
   625 | D:5      | Found a staircase to the Ecumenical Temple.
   634 | Temple   | Entered the Ecumenical Temple
   687 | Temple   | Became a worshipper of Dithmenos the Shadowed
   936 | D:4      | Reached XP level 7. HP: 55/62 MP: 7/7
   969 | D:5      | Reached skill level 7 in Unarmed Combat
  1375 | D:6      | Noticed 4thArraOfDagon's ghost (amateur TrAM)
  1389 | D:6      | Killed 4thArraOfDagon's ghost
  1389 | D:6      | Reached skill level 8 in Unarmed Combat
  1571 | D:6      | Reached * piety under Dithmenos
  1588 | D:6      | Reached XP level 8. HP: 58/70 MP: 5/8
  1626 | D:6      | Reached skill level 9 in Unarmed Combat
  1807 | D:6      | Reached skill level 10 in Unarmed Combat
  1936 | D:7      | Noticed Menkaure
  1947 | D:7      | Killed Menkaure
  1979 | D:7      | Found Qepluos's Antique Weapon Boutique.
  2064 | D:7      | Noticed 4thArraOfDagon's ghost (amateur TrAM)
  2073 | D:7      | Killed 4thArraOfDagon's ghost
  2073 | D:7      | Reached skill level 11 in Unarmed Combat
  2073 | D:7      | Reached XP level 9. HP: 52/76 MP: 6/9
  2184 | D:8      | Found an oddly glowing altar of Pakellas.
  2335 | D:8      | Reached skill level 12 in Unarmed Combat
  2348 | D:8      | Reached ** piety under Dithmenos
  2410 | D:8      | You fall through a shaft for 3 floors!
  2411 | D:11     | FUCK NO
  2479 | D:10     | Entered Level 10 of the Dungeon
  2479 | D:10     | Noticed a gargoyle
  2487 | D:10     | Killed a gargoyle
  2498 | D:9      | Noticed a troll
  2507 | D:9      | Killed a troll
  2542 | D:9      | Reached skill level 13 in Unarmed Combat
  2579 | D:9      | Found a blossoming altar of Fedhas.
  2580 | D:9      | Found a radiant altar of Vehumet.
  2582 | D:9      | Found a burning altar of Makhleb.
  2584 | D:9      | Found an oddly glowing altar of Pakellas.
  2584 | D:9      | Found an iron altar of Okawaru.
  2619 | D:9      | Noticed a troll
  2635 | D:9      | Killed a troll
  2635 | D:9      | Reached skill level 1 in Invocations
  2685 | D:9      | Found Caugguvyss's Food Boutique.
  2692 | D:9      | You fall through a shaft for 2 floors!
  2693 | D:11     | FUCK NO
  2717 | D:11     | RIP EXP POTS
  2828 | D:8      | :D
  2828 | D:8      | thx to shafts
  2843 | D:8      | Reached XP level 10. HP: 48/87 MP: 5/10
  2855 | D:8      | Noticed Grum
  2875 | D:8      | Killed Grum
  2999 | D:9      | Reached *** piety under Dithmenos
  3662 | D:11     | Noticed a cyan ugly thing
  3741 | D:9      | Noticed a hill giant
  3749 | D:9      | Killed a hill giant
  3888 | D:9      | Paralysed by a wasp for 1 turns
  4010 | D:10     | Found Kagiuxkyl's Armour Shoppe.
  4190 | D:11     | Found a staircase to the Lair.
  4294 | D:11     | Reached **** piety under Dithmenos
  4297 | D:11     | Noticed a hill giant
  4335 | D:11     | Killed a hill giant
  4335 | D:11     | Reached skill level 14 in Unarmed Combat
  4345 | D:11     | Noticed a hill giant
  4443 | D:11     | Killed a hill giant
  4479 | D:12     | Reached XP level 11. HP: 88/98 MP: 12/12
  4532 | D:12     | Found a glowing golden altar of the Shining One.
  4613 | D:12     | Noticed a phantasmal warrior
  4814 | D:14     | Noticed a purple ugly thing
  4814 | D:14     | Noticed a purple ugly thing
  4814 | D:14     | Noticed a purple ugly thing
  4814 | D:14     | Noticed a purple ugly thing
  4816 | D:14     | Noticed a purple ugly thing
  4916 | D:12     | Noticed a death knight
  4917 | D:12     | Noticed a phantasmal warrior
  5002 | D:13     | Reached skill level 5 in Dodging
  5191 | D:13     | Reached ***** piety under Dithmenos
  5225 | D:14     | Noticed a deep elf mage
  5228 | D:14     | Killed a deep elf mage
  5236 | D:13     | Reached skill level 5 in Invocations
  5329 | D:12     | Noticed a cyan ugly thing
  5440 | D:14     | Noticed a wizard
  5454 | D:14     | Killed a wizard
  5505 | D:14     | Reached skill level 15 in Unarmed Combat
  5559 | D:14     | Noticed a hill giant
  5586 | D:14     | Killed a hill giant
  5586 | D:14     | Reached skill level 5 in Fighting
  5841 | D:15     | Entered Level 15 of the Dungeon
  5852 | D:15     | Found a staircase to the Depths.
  5852 | D:15     | Noticed a fire giant
  5902 | D:14     | Killed a purple ugly thing
  5902 | D:14     | Reached XP level 12. HP: 77/111 MP: 15/15
  6152 | D:12     | HP: 4/111 [yak (16)]
  6152 | D:12     | Slain by a yak

Vault maps used:
D:1:      dpeg_arrival_erosion, serial_corexii_hall, corexii_hall_statues_t,
          corexii_hall_statues_deadend
D:2:      eat_drink_and_be_merry_uskayaw
D:3:      serial_forest, infiniplex_forest_lined_corner,
          infiniplex_forest_straight_4, infiniplex_forest_clump_tiny,
          infiniplex_forest_side_room, infiniplex_forest_end_1,
          infiniplex_forest_end_2, infiniplex_forest_straight_2,
          infiniplex_forest_clump_tiny
D:4:      grunt_ministairs_13
D:5:      first_bread
D:6:      wad_guarded_room, fedhas_altar_decomposition
D:7:      lemuel_ratsnest, serial_shops, shop, sigmund_edmund_badplayer,
          uniq_menkaure
D:8:      enter_bailey_3, basic_altar, uniq_grum
D:9:      minmay_distorted_concentric_squares, grunt_temple_overflow_open,
          serial_shops, nicolae_shop_stone, blue_anna_alchemist
D:10:     serial_shops, shop
D:11:     erik_lair_orcish_takeover, hiddenorc1_lemuel
D:12:     tso_altar
D:13:     grunt_vaults_entry_fortified
D:14:     roderic_lattice_a, eino_jars
D:15:     grunt_enter_depths_giant_problem, serial_shops, shop,
          nicolae_shop_waterfront, minmay_misc_feat_room, uniq_louise,
          uniq_agnes
Temple:   eino_temple_rhombus

Skill      XL: |  1  2  3  4  5  6  7  8  9 10 11 |
---------------+----------------------------------+-----
Fighting       | 1 3 5 |  5.3
Throwing       | 2 |  2.0
Dodging        | 2 4 5 |  5.7
Unarmed Combat | 3 5 6 8 11 13 14 15 | 15.3
Invocations    | 1 3 5 |  5.7
Spellcasting   | |  1.0
Hexes          | |  2.2

Action                   |  1- 3 |  4- 6 |  7- 9 | 10-12 || total
-------------------------+-------+-------+-------+-------++-------
Melee: Unarmed           |    66 |    81 |   297 |   496 ||   940
       Punch             |     1 |     2 |     8 |    18 ||    29
Throw: Large rock        |     3 |     2 |     5 |    11 ||    21
       Throwing net      |       |     4 |     2 |     1 ||     7
Invok: Shadow Form       |       |       |       |     1 ||     1
Evoke: Wand              |       |       |     3 |     3 ||     6
  Use: Potion            |     1 |       |       |     4 ||     5
       Scroll            |       |       |    15 |     2 ||    17
 Stab: Held in net/web   |       |     2 |     1 |       ||     3
       Invisible         |       |       |       |     5 ||     5
  Eat: Chunk             |     9 |     2 |    20 |    32 ||    63
       Fruit             |       |       |     2 |       ||     2
       Beef jerky        |       |       |     1 |       ||     1
Armor: Robe              |    32 |    12 |    60 |       ||   104
       Animal skin       |       |       |       |   108 ||   108
       Skin              |       |       |       |     6 ||     6
Dodge: Dodged            |    45 |    20 |    95 |   298 ||   458
Block: Other             |       |       |       |    47 ||    47
       Reflection        |       |       |       |     3 ||     3
